AoeStats
← Akiditya

Arabia

505225094Analyzed
2v2 RM · 23d ago on Sep 8, 2026· 44m 2s· 4 players
Game mode
Random Map
Map size
Medium (4 player)
Population
200
Speed
Normal
Resources
Standard
Victory
Conquest
Starting age
Dark Age
Ending age
Imperial Age
RankedLock teamsTeams togetherTeam positionsShared explorationLock speedFull tech treeHidden civsTurbo modeCheats
Victory
Defeat
🇮🇳 Franks · India
1037
+14
🇦🇺 Mongols · Australia
1022
+15
🇩🇪 Wei · Germany
1004
-15
🇹🇷 Inca · Türkiye
995
-14
Purle Paus
6:20 Loom
9:39 Feudal Age
10:17 Double-Bit Axe
12:50 Horse Collar
20:25 Castle Age
19:50 Bloodlines
19:47 Gold Mining
19:50 Stone Mining
20:45 Fletching
22:56 Scale Barding Armor
23:09 Husbandry
29:16 Bodkin Arrow
30:26 Bow Saw
31:54 Padded Archer Armor
36:05 Chain Barding Armor
38:07 Forging
39:15 Tuntian
.BTB kral
10:59 Feudal Age
11:55 Champi Runner
13:16 Loom
24:55 Castle Age
24:44 Double-Bit Axe
24:50 Gold Mining
28:47 Pikeman
29:27 Squires
31:35 Bow Saw
35:51 Imperial Age
36:19 Halberdier
Akiditya
6:59 Loom
9:42 Feudal Age
10:53 Double-Bit Axe
12:53 Scale Barding Armor
15:54 Forging
19:10 Gold Mining
20:42 Wheelbarrow
23:20 Castle Age
22:42 Fletching
23:30 Town Watch
24:25 Chain Barding Armor
24:41 Iron Casting
24:02 Bodkin Arrow
24:13 Husbandry
26:40 Hand Cart
29:27 Bodkin Arrow
30:00 Bow Saw
30:26 Gold Shaft Mining
32:43 Stone Mining
38:39 Imperial Age
39:11 Cavalier
40:57 Blast Furnace
40:36 Plate Barding Armor
41:31 Conscription
Dr z0b
5:32 Loom
11:37 Feudal Age
16:00 Castle Age
16:16 Bloodlines
17:48 Double-Bit Axe
23:42 Scale Barding Armor
29:28 Horse Collar
30:02 Bow Saw
31:00 Chain Barding Armor
30:31 Fletching
36:26 Imperial Age
42:27 Elite Mangudai
43:18 Bodkin Arrow
43:25 Padded Archer Armor
Connection lost

Rejoining the realm…

Still unreachable

The connection could not be restored.

Session expired

The server has moved on; the page needs a fresh start.